 Dungeon Crawl Stone Soup version 0.29-a0-9-g022ca4c890 (webtiles) character file.

Game seed: 12715443602960024140

776 siradein the Conjurer (level 7, -9/50 HPs)
             Began as a Yellow Draconian Conjurer on Jan 27, 2022.
             Was an Initiate of Sif Muna.
             Mangled by an orc warrior (21 damage)
             ... on level 5 of the Dungeon on Jan 28, 2022.
             The game lasted 00:26:33 (5837 turns).

siradein the Conjurer (Yellow Draconian Conjurer)   Turns: 5837, Time: 00:26:33

Health: -9/50      AC:  7    Str: 10    XL:     7   Next: 54%
Magic:  6/15       EV: 16    Int: 20    God:    Sif Muna [......]
Gold:   305        SH:  0    Dex:  9    Spells: 6/17 levels left

rFire   . . .      SeeInvis .   y - staff of conjuration
rCold   . . .      Faith    .   (no shield)
rNeg    . . .      Spirit   .   (armour unavailable)
rPois   +          Reflect  .   (helmet restricted)
rElec   .          Harm     .   (no cloak)
rCorr   +          Rampage  .   r - +0 pair of gloves
Will    .....                   (no boots)
Stlth   ++........              o - amulet of regeneration
HPRegen 0.96/turn               u - ring of poison resistance
MPRegen 0.14/turn               p - +4 ring of evasion

@: no status effects
A: spit acid, AC +6, unfitting armour, cold-blooded, acid resistance
a: Breathe Acid, Renounce Religion


You were on level 5 of the Dungeon.
You worshipped Sif Muna.
Sif Muna was noncommittal.
You visited 2 branches of the dungeon, and saw 6 of its levels.

You collected 305 gold pieces.

Inventory:

Hand Weapons
 w - a +2 spear of flaming
Armour
 r - a +0 pair of gloves (worn)
Magical Staves
 h - a staff of earth
 s - a staff of poison
 y - a staff of conjuration (weapon)
Jewellery
 i - a ring of see invisible
 o - an amulet of regeneration (around neck)
 p - a +4 ring of evasion (right hand)
 q - a ring of fire
 u - a ring of poison resistance (left hand)
Wands
 v - a wand of iceblast (12)
Scrolls
 a - 6 scrolls of identify
 b - a scroll of fog
 c - 2 scrolls of acquirement
 d - 2 scrolls of silence {unknown}
 g - 2 scrolls of vulnerability {unknown}
 j - 3 scrolls of teleportation {unknown}
 m - a scroll of immolation {unknown}
 t - a scroll of magic mapping {unknown}
Potions
 e - 2 potions of might {unknown}
 f - a potion of invisibility {unknown}
 k - 2 potions of lignification {unknown}
 l - 5 potions of curing {unknown}
 n - a potion of brilliance {unknown}
 x - a potion of berserk rage {unknown}


   Skills:
 - Level 1.7 Dodging
 - Level 1.7 Stealth
 + Level 5.7 Spellcasting
 + Level 7.2 Conjurations


You had 6 spell levels left.
You knew the following spells:

 Your Spells              Type           Power      Damage    Failure   Level
a - Magic Dart            Conj           100%       1d8       1%          1
b - Searing Ray           Conj           100%       2d8       1%          2
c - Fulminant Prism       Conj/Hex       15%        3d11      24%         4
d - Iskenderun's Mystic   Conj/Tloc      30%        2d8       24%         4

Your spell library contained the following spells:

 Spells                   Type           Power      Damage    Failure   Level
 Dazzling Flash           Conj/Hex       60%        N/A       8%          3
 Summon Small Mammal      Summ           20%        N/A       11%         1
 Ensorcelled Hibernation  Hex/Ice        10%        N/A       16%         2
 Passwall                 Tmut/Erth      4%         N/A       16%         2
 Call Canine Familiar     Summ           5%         N/A       32%         3
 Summon Guardian Golem    Hex/Summ       5%         N/A       32%         3
 Swiftness                Air            5%         N/A       32%         3


Dungeon Overview and Level Annotations

Branches:
Dungeon (5/15)             Temple (1/1) D:5

Altars:
Kikubaaqudgha
Nemelex Xobeh
Ru
Sif Muna
Uskayaw
The Shining One


Innate Abilities, Weirdness & Mutations

You can spit globs of acid.
Your golden yellow scales are hard. (AC +6)
You cannot fit into any form of body armour.
You are cold-blooded and may be slowed by cold attacks.
You are resistant to acid. (rCorr)


Message History

The adder zombie bites you but does no damage.
You barely miss the adder zombie.
Your tail-slap misses the adder zombie.
The adder zombie is lightly damaged.
The orc warrior hits you with a +0 scimitar!
The adder zombie bites you. The orc misses you. The orc warrior misses you.
You closely miss the adder zombie.
The adder zombie is lightly damaged.
The adder zombie bites you. The orc barely misses you.
The orc warrior hits you with a +0 scimitar.
You hit the adder zombie. You burn the adder zombie.
You tail-slap the adder zombie. You punch the adder zombie.
The adder zombie is severely damaged.
The adder zombie bites you but does no damage.
The orc barely misses you. The orc closely misses you.
The orc warrior barely misses you. The adder zombie misses you.
As you read the scroll labelled ZIENKE YXTA, it crumbles to dust.
It is a scroll of identify.
b - a scroll of fog The orc hits you but does no damage.
The orc completely misses you. The adder zombie bites you.
The orc warrior closely misses you.
This is a scroll of acquirement!
Something appears at your feet! The orc closely misses you. x2
The adder zombie closely misses you.
The orc warrior hits you with a +0 scimitar!
* * * LOW HITPOINT WARNING * * *
Your +2 spear of flaming stops flaming.
y - a staff of conjuration (weapon)
The orc barely misses you. The orc hits you but does no damage.
Casting: Magic Dart (safe; 1% risk of failure)
Confirm with . or Enter, or press ? or * to list all spells.
Aiming: Searing Ray (safe; 1% risk of failure)
Press: ? - help, Shift-Dir - straight line, f - adder zombie, p - orc
Aim: an adder zombie (severely damaged, 83% to hit)
You feel a surge of power!
The searing ray misses the adder zombie. (Press . to maintain the ray.)
You have got your breath back.
The adder zombie closely misses you.
The orc warrior hits you with a +0 scimitar!!
You die...

. ...##.##.....).#
#.....
#..#.#..##....#
#....).
#.....##.....# #...
#..
#...##..#...#####.
#...
#..#...#..##...'.....
#.$.
#.......###...######
#... ####o#.## #...#
#.#..!#######o#.#
#...#
#..........Z@o#.#
##'##
###############.# #.#
#.# #.# #.# #.# #.#
#.# #.# #.# #.# #.#
#.#####.# #.......#


You could see an orc warrior, 2 orcs and an adder zombie.

Vanquished Creatures
  A black bear (D:4)
  2 ogres (D:5)
  A gnoll sergeant (D:5)
  A scorpion (D:4)
  A hound (D:4)
  Jessica (D:2)
  Natasha (thrice) (D:2)
  An iguana (D:5)
  A scorpion zombie (D:5)
  A killer bee zombie (D:4)
  A hound skeleton (D:4)
  3 gnolls (D:5)
  6 adders
  An adder skeleton (D:4)
  A worm (D:3)
  11 orcs
  3 ball pythons
  7 endoplasms
  5 giant cockroaches
  9 hobgoblins
  3 quokkas
  11 bats
  6 frilled lizards
  6 goblins
  7 kobolds
  14 rats
107 creatures vanquished.

Notes
Turn   | Place    | Note
-------+----------+-------------------------------------------
     0 | D:1      | siradein the Draconian Conjurer began the quest for the
                  | Orb.
     0 | D:1      | Reached XP level 1. HP: 14/14 MP: 3/3
   103 | D:1      | Found a faded altar of an unknown god.
   595 | D:1      | Reached XP level 2. HP: 20/20 MP: 1/5
   718 | D:1      | Learned a level 2 spell: Searing Ray
  1623 | D:1      | Reached XP level 3. HP: 19/26 MP: 2/7
  1748 | D:2      | Noticed Natasha
  1761 | D:2      | Killed Natasha
  1838 | D:2      | Noticed Jessica
  1869 | D:2      | Killed Jessica
  1870 | D:2      | Reached XP level 4. HP: 30/33 MP: 2/8
  1995 | D:2      | Reached skill level 5 in Conjurations
  2065 | D:2      | Noticed Natasha
  2108 | D:2      | Killed Natasha
  2160 | D:2      | Noticed Natasha
  2165 | D:2      | Killed Natasha
  2166 | D:2      | Reached XP level 5. HP: 31/38 MP: 1/10
  2749 | D:3      | Upgraded the game from 0.29-a0-8-g0446c0dae4 to
                  | 0.29-a0-9-g022ca4c890
  3136 | D:3      | Learned a level 4 spell: Fulminant Prism
  3141 | D:3      | Learned a level 4 spell: Iskenderun's Mystic Blast
  3693 | D:4      | Found a hide-covered altar of Uskayaw.
  3701 | D:4      | Found an ancient bone altar of Kikubaaqudgha.
  3711 | D:4      | Identified the +0 plate armour "Saqoiwas" {rC+}
  3943 | D:4      | Noticed a black bear
  3976 | D:4      | Reached XP level 6. HP: 28/45 MP: 2/12
  3991 | D:4      | Reached skill level 6 in Conjurations
  4943 | D:4      | Reached skill level 5 in Spellcasting
  5014 | D:5      | Entered Level 5 of the Dungeon
  5033 | D:5      | Your scales start taking on a golden yellow colour.
  5033 | D:5      | Reached XP level 7. HP: 50/50 MP: 6/14
  5033 | D:5      | Gained mutation: You are resistant to acid. (rCorr) [Yellow
                  | Draconian growth]
  5337 | D:5      | Reached skill level 7 in Conjurations
  5604 | D:5      | Found a sparkling altar of Nemelex Xobeh.
  5666 | D:5      | Found a staircase to the Ecumenical Temple.
  5675 | Temple   | Entered the Ecumenical Temple
  5718 | Temple   | Became a worshipper of Sif Muna the Loreminder
  5835 | D:5      | Identified 3 scrolls of acquirement
  5835 | D:5      | Acquired a staff of conjuration
  5837 | D:5      | Mangled by an orc warrior

Illustrated notes

Levels and vault maps discovered:
D:1:      zaba_arrival_water, layout_basic, ebering_ecumenical_altar_box
D:2:      layout_rooms, uniq_natasha, uniq_jessica
D:3:      layout_loops_ring
D:4:      layout_basic, mainiacjoe_overflow_catwalk_spiral
D:5:      layout_basic, amcnicky_altar_gilded, minmay_temple_entry_waves,
          ebering_ghost_sewer_f
Temple:   dpeg_chambers_temple

Skill      XL: |  1  2  3  4  5  6  7 |
---------------+----------------------+-----
Spellcasting   | 3 4 5 |  5.7
Conjurations   | 5 6 7 |  7.2
Dodging        | |  1.7
Stealth        | |  1.7

Action                   |  1- 3 |  4- 6 |  7- 9 || total
-------------------------+-------+-------+-------++-------
Melee: Dagger            |    24 |     6 |       ||    30
       Tailslap          |     1 |     4 |     1 ||     6
       Trident           |       |     3 |       ||     3
       Spear             |       |       |     5 ||     5
       Punch             |       |       |     1 ||     1
 Cast: Magic Dart        |    64 |   115 |    18 ||   197
       Searing Ray       |     2 |    13 |     9 ||    24
 Abil: Breathe Acid      |       |       |     3 ||     3
  Use: Scroll            |       |       |     2 ||     2
Armor: Skin              |    18 |    15 |     6 ||    39
Dodge: Dodged            |    43 |    35 |    34 ||   112

Table legend: (Time is in decaauts)
 A = Elapsed time spent in this place.
 B = Non-inter-level travel time spent in this place.
 C = Inter-level travel time spent in this place.
 D = Time resting spent in this place.
 E = Time spent auto-exploring this place.
 F = Levels seen in this place.
 G = Mean time per level.
                   A        B        C        D        E       F      G
               +--------+--------+--------+--------+--------+-----+--------+
         Total |   5848 |   5686 |    162 |    171 |   4395 |   6 |  974.7 |
       Dungeon |   5765 |   5642 |    123 |    171 |   4358 |   5 | 1153.0 |
        Temple |     82 |     43 |     39 |      0 |     37 |   1 |   82.0 |
               +--------+--------+--------+--------+--------+-----+--------+

Top non-repeatable levels by time:
     D:1: 1849 daAuts
     D:4: 1329 daAuts
     D:3: 944 daAuts
     D:2: 910 daAuts
     D:5: 731 daAuts
  Temple: 82 daAuts
